 Dungeon Crawl Stone Soup version 0.19-a0-27-g415f530 (webtiles) character file.

229 jyri the Ruffian (level 6, -7/51 HPs)
             Began as a Ghoul Monk on May 1, 2016.
             Mangled by an ogre
             ... wielding a +0 giant club
              (28 damage)
             ... on level 4 of the Dungeon.
             The game lasted 00:10:34 (2416 turns).

jyri the Ruffian (Ghoul Monk)                       Turns: 2416, Time: 00:10:34

Health: -7/51      AC:  3    Str: 17    XL:     6   Next: 3%
Magic:  5/5        EV: 12    Int:  5    God:
Gold:   62         SH:  0    Dex: 11    Spells: 0 memorised, 5 levels left

rFire  . . .     SeeInvis .       - Unarmed
rCold  + . .     Gourm    .     e - +0 leather armour
rNeg   + + +     Faith    .     (no shield)
rPois  ∞         Spirit   .     (no helmet)
rElec  .         Dismiss  .     (no cloak)
rCorr  .         Reflect  .     (no gloves)
SustAt .         Harm     .     (no boots)
MR     .....                    (no amulet)
Stlth  ++........               (no ring)
                                (no ring)

@: rotting, not resistant to hostile enchantments, unstealthy
A: rotting body, claws 1, carnivore 3, cold resistance 1, negative energy
resistance 3, slow regeneration 1, torment resistance, unbreathing
a: no special abilities


You were on level 4 of the Dungeon.
You were not hungry.

You visited 1 branch of the dungeon, and saw 5 of its levels.
You also visited: Sewer.

You collected 62 gold pieces.

Inventory:

Missiles
 d - 5 curare-tipped needles
 t - 18 sling bullets
Armour
 e - a +0 leather armour (worn)
Wands
 q - a wand of flame (19/48)
Scrolls
 a - a scroll of magic mapping {unknown}
 g - 2 scrolls of teleportation {unknown}
 h - a scroll of fog {unknown}
 i - 4 scrolls of enchant weapon {unknown}
 k - a scroll of identify {unknown}
 p - a scroll of remove curse {unknown}
 w - a scroll of blinking {unknown}
 x - a scroll of fear {unknown}
Potions
 f - 3 potions of ambrosia {unknown}
 l - a potion of agility {unknown}
 m - 4 potions of heal wounds {unknown}
 n - a potion of lignification {unknown}
 o - a potion of haste {unknown}
 r - a potion of might {unknown}
 u - a potion of magic {unknown}
 v - 4 potions of curing {unknown}
Comestibles
 b - a meat ration
 c - 2 beef jerkies
 s - a slice of pizza


   Skills:
 - Level 3.2 Fighting
 - Level 2.6 Dodging
 - Level 2.1 Stealth
 + Level 7.7 Unarmed Combat


You had 5 spell levels left.
You didn't know any spells.

Dungeon Overview and Level Annotations

Branches:
Dungeon (5/15)
 Temple: D:4-7

Altars:
Fedhas
Gozag

Annotations:
D:4 Dowan, Duvessa


Innate Abilities, Weirdness & Mutations

Your body is rotting away.
You thrive on raw meat.
You are immune to poison.
You have sharp fingernails.
You are carnivorous and can eat meat at any time.
Your flesh is cold resistant.
You are immune to negative energy.
You regenerate slowly when monsters are visible.
You are immune to unholy pain and torment.
You can survive without breathing.


Message History

You are a level 6 Ghoul Monk.
You are 3% of the way to level 7.
Play time: 00:10:09 (2369 turns) Unknown command.
Eat which item? (? for menu, Esc to quit)
Okay, then.
Eat which item? (? for menu, Esc to quit)
Okay, then.
v - 4 yellow potions (gained 1)
The ogre is too close now for your liking.
The ogre hits you with a giant club!
You scratch the ogre but do no damage. You claw the ogre.
The ogre is lightly wounded.
The ogre hits you with a giant club!
You claw the ogre!
The ogre is heavily wounded.
You claw the ogre!
The ogre is almost dead.
The ogre hits you with a giant club!!
Ouch! That really hurt!
You die...

####### #.....#
###.....##################
........O@................
..#.....#############.###.
# #.....# ...# #. #
#.....# #....# #. #
#.....# #....# #. #
######. ...##.# #. # .
.... #.###. # . ... #.....
## #####.


You could see an ogre.

Vanquished Creatures
  A hound (D:5)
  A centaur skeleton (D:4)
  A worker ant (D:4)
  A worker ant zombie (D:5)
  2 adders
  5 river rats
  A shadow imp (D:5)
  2 worms
  A dart slug (D:2)
  2 orcs (D:5)
  5 ball pythons
  A giant cockroach (D:4)
  5 goblins (D:2)
  5 hobgoblins
  4 jackals (D:2)
  5 kobolds
  A bat (D:2)
  13 giant newts
  10 rats
66 creatures vanquished.

Notes
Turn   | Place    | Note
--------------------------------------------------------------
     0 | D:1      | jyri the Ghoul Monk began the quest for the Orb.
     0 | D:1      | Reached XP level 1. HP: 19/19 MP: 0/0
   257 | D:1      | Reached XP level 2. HP: 15/26 MP: 1/1
   362 | D:1      | Reached skill level 5 in Unarmed Combat
   797 | D:2      | Found a blossoming altar of Fedhas.
  1066 | D:2      | Reached XP level 3. HP: 31/31 MP: 2/2
  1079 | D:2      | Found an opulent altar of Gozag.
  1621 | D:3      | You fall through a shaft for 2 floors!
  1621 | D:5      | Entered Level 5 of the Dungeon
  1657 | D:5      | Reached skill level 6 in Unarmed Combat
  1657 | D:5      | Reached XP level 4. HP: 31/38 MP: 3/3
  1899 | D:4      | Found a glowing drain.
  1914 | D:4      | Reached XP level 5. HP: 41/44 MP: 4/4
  1930 | Sewer    | Entered a sewer
  2095 | Sewer    | Reached skill level 7 in Unarmed Combat
  2291 | D:4      | Noticed Duvessa
  2291 | D:4      | Noticed Dowan
  2344 | D:4      | Noticed an ogre
  2344 | D:4      | Noticed an ogre
  2367 | D:4      | Reached XP level 6. HP: 42/51 MP: 5/5
  2416 | D:4      | Mangled by an ogre

Vault maps used:
D:1:      lightli_arrival_isolated_outpost
D:2:      lemuel_crystal_altar, grunt_gozag_breadcrumbs
D:3:      fiery_altar_vehumet
D:4:      portal_sewer_entry_b, uniq_duvessa
D:5:      grunt_temple_overflow_gold_and_silver, first_bread,
          uniq_crazy_yiuf_cottage
Sewer:    sewer_co_cracked_pipes

Skill      XL: |  1  2  3  4  5 |
---------------+----------------+-----
Unarmed Combat | 5 6 7 |  7.7
Fighting       | |  3.2
Dodging        | |  2.6
Stealth        | |  2.1

Action                   |  1- 3 |  4- 6 || total
-------------------------+-------+-------++-------
Melee: Unarmed           |   144 |   103 ||   247
       Punch             |     1 |     2 ||     3
 Stab: Sleeping          |     5 |     2 ||     7
  Eat: Chunk             |    19 |    15 ||    34
       Royal jelly       |     1 |       ||     1
Armor: Robe              |     2 |       ||     2
       Leather armour    |    17 |    12 ||    29
Dodge: Dodged            |    76 |    57 ||   133
